 Dungeon Crawl Stone Soup version 0.16-a0-1982-g8124c91 (webtiles) character file.

23787 Raurakos the Carver (level 13, -1/103 HPs)
             Began as a Formicid Abyssal Knight on Nov 8, 2014.
             Was the Champion of Lugonu.
             Slain by Snorg (16 damage)
             ... on level 4 of the Lair of Beasts.
             The game lasted 01:57:09 (25109 turns).

Raurakos the Carver (Formicid Abyssal Knight)      Turns: 25109, Time: 01:57:10

Health: -1/103     AC: 20    Str: 17    XL:     13   Next: 37%
Magic:  26/26      EV:  7    Int: 17    God:    Lugonu [******]
Gold:   926        SH:  7    Dex: 18    Spells: 0 memorised, 12 levels left

rFire  . . .     SeeInvis +     a - +3 great sword (flame)
rCold  . . .     Clarity  .     K - +3 chain mail {rN+}
rNeg   + . .     SustAb   .     i - +1 buckler
rPois  .         Gourm    .     (helmet unavailable)
rElec  .         Spirit   .     n - +1 cloak
rCorr  .         Warding  .     (no gloves)
rMut   .         Stasis   +     d - +2 pair of boots
MR     +....                    (no amulet)
Stlth  ..........               x - +3 ring of slaying
                                j - ring of Gopyuchetyu {Dex+4 Int+4}

@: somewhat resistant to hostile enchantments, extremely unstealthy
A: permanent stasis, dig shafts and tunnels, four strong arms, antennae 3
a: Dig, Shaft Self, Depart the Abyss, Bend Space, Banish, Corrupt, Enter the
Abyss, Renounce Religion


You were on level 4 of the Lair of Beasts.
You worshipped Lugonu.
Lugonu was exalted by your worship.
You were hungry.

You visited 3 branches of the dungeon, and saw 15 of its levels.
You visited the Abyss 1 time.

You collected 926 gold pieces.

Inventory:

Hand weapons
 a - a +3 great sword of flaming (weapon)
Missiles
 p - 56 stones (quivered)
Armour
 d - a +2 pair of boots (worn)
 i - a +1 buckler (worn)
 n - a +1 cloak (worn)
 K - a +3 chain mail of positive energy (worn)
Rods
 o - a +1 rod of destruction (14/14)
   (You found it on level 1 of the Lair of Beasts)
Jewellery
 j - the ring of Gopyuchetyu (left hand) {Dex+4 Int+4}
   (You found it on level 1 of the Lair of Beasts)

   [ring of dexterity]

   It affects your intelligence (+4).
   It affects your dexterity (+4).
 k - an uncursed ring of protection from magic
 q - a +5 ring of protection
 r - an uncursed ring of invisibility
 x - a +3 ring of slaying (right hand)
 J - an uncursed ring of sustain abilities
Magical devices
 t - a wand of polymorph (9)
 w - a wand of frost (32)
 D - a wand of lightning (2)
 I - a wand of polymorph (15)
Scrolls
 g - 3 scrolls of identify
 m - a scroll of enchant weapon
 s - a scroll of amnesia
 y - 2 scrolls of recharging
 z - a scroll of fog
 L - a scroll of remove curse
 M - 2 scrolls of magic mapping
Potions
 b - 3 potions of might
 e - a potion of porridge
 f - 3 potions of curing
 h - 4 potions of agility
 l - 3 potions of cure mutation
 u - 3 potions of restore abilities
 v - 2 potions of heal wounds
 E - a potion of resistance
Books
 B - a book of Control

   Spells                             Type                      Level
   Control Teleport                   Charms/Translocation         4
   Control Undead                     Necromancy                   4
   Enslavement                        Hexes                        4
   Metabolic Englaciation             Hexes/Ice                    5
   Mass Confusion                     Hexes                        6
Miscellaneous
 C - a fan of gales
 F - a phantom mirror
Comestibles
 c - 5 bread rations
 A - a beef jerky
 G - a meat ration
 H - 8 fruits
 N - 5 chunks of flesh


   Skills:
 - Level 10.1 Fighting
 + Level 14.9 Long Blades
 - Level 10.0 Armour
 - Level 0.8 Dodging
 - Level 5.1 Shields
 - Level 8.0 Invocations
 - Level 5.1 Evocations


You had 12 spell levels left.
You didn't know any spells.

Dungeon Overview and Level Annotations

Branches:
Dungeon (10/15)            Temple (1/1) D:6            Lair (4/8) D:9
 Spider (0/5) Lair:4          Orc (0/4) D:9
  Swamp: Lair:3-6    Shoals: Lair:3-6

Altars:
Ashenzari
Cheibriados
Dithmenos
Elyvilon
Fedhas
Kikubaaqudgha
Makhleb
Okawaru
Qazlal
Ru
Trog
Vehumet
Xom
Zin
The Shining One
Lugonu

Shops:
D:4 }

Annotations:
D:6 exclusion: oklob plant
Lair:4 Snorg


Innate Abilities, Weirdness & Mutations

You are under a permanent stasis effect.
You can dig through walls and to a lower floor.
Your four strong arms can wield two-handed weapons with a shield.
You have a pair of large antennae on your head (SInv).


Message History

You slash Snorg! You burn Snorg.
Snorg is severely wounded.
Snorg bites you! Snorg claws you but does no damage.
Snorg claws you but does no damage. You block Snorg's attack.
You block Snorg's attack. Snorg claws you!
* * * LOW HITPOINT WARNING * * *
You are too injured to fight recklessly!
You slash Snorg! You burn Snorg.
Snorg is almost dead.
You block Snorg's attack. Snorg barely misses you.
Snorg claws you but does no damage.
You barely miss Snorg.
Snorg is almost dead.
Snorg bites you but does no damage. Snorg claws you!
* * * LOW HITPOINT WARNING * * *
You block Snorg's attack.
Your chain mail prevents you from hitting Snorg.
Snorg is almost dead.
Snorg bites you!
You die...

....#
##..##..#..........#
#...#
##....>......<.###.##
##..#
#...P...............#
#..#
#....#.....T........#
##.......^........#.#
#
##.........).....##.#
#
..###........###.....#
.# .. ..P#.......T##
......# .# .
...........†@###..>.#.
#
................##....
#
#..#P#...........##...
# #..#
##............... #
#..# #.............. #
#..## #.............##
#
#..P###..............
#
#..?##..............##
#
#..####...#..#.......#


You could see Snorg (berserk).

Vanquished Creatures
  Maud (Lair:3)
  2 hydras
  2 hill giants (D:10)
  4 black mambas
  6 elephants (Lair:4)
  A spiny frog (Lair:2)
  5 komodo dragons
  2 trolls
  The ghost of timbw the Ruffian, an experienced VSMo of Kikubaaqudgha (D:10)
  Grinder (D:3)
  2 two-headed ogres (D:9)
  8 blink frogs
  2 trapdoor spiders
  4 wyverns
  A hungry ghost (D:8)
  13 yaks
  6 wolves (Lair:2)
  5 hippogriffs
  Menkaure (D:7)
  A soldier ant (D:8)
  2 orc warriors
  3 water moccasins
  2 phantoms
  2 black bears
  2 necrophages
  A spider (D:8)
  5 porcupines
  2 eyes of draining (D:8)
  5 ogres
  2 ice beasts
  6 centaurs
  A big kobold (D:8)
  6 crocodiles
  2 sky beasts
  Sigmund (D:6)
  A gnoll sergeant (D:10)
  3 scorpions
  9 giant frogs
  6 wights
  7 killer bees
  2 electric eels (Lair:1)
  A goliath beetle (D:8)
  A quasit (D:9)
  5 hounds
  7 orc priests
  A centaur skeleton (D:6)
  5 jellies
  Crazy Yiuf (D:2)
  A giant frog skeleton (D:7)
  4 iguanas
  3 worker ants
  15 orc wizards
  A hound skeleton (D:4)
  Terence (D:2)
  2 mummies
  47 green rats
  A worker ant zombie (D:9)
  28 adders
  5 gnolls (D:10)
  2 shadow imps
  A giant mite (Lair:4)
  5 worms
  An adder skeleton (D:7)
  5 giant geckos
  An ooze (D:4)
  51 orcs
  18 bats
  8 giant cockroaches
  14 goblins
  19 hobgoblins
  21 jackals
  6 quokkas
  2 ball pythons
  A giant gecko zombie (D:6)
  7 giant newts
  A giant spore (D:9)
  A hobgoblin skeleton (D:8)
  20 kobolds
  A kobold skeleton (D:7)
  3 orc skeletons
  20 rats
  A rat skeleton (D:8)
  A rat zombie (D:6)
  12 ballistomycetes (D:9)
  3 fungi (Lair:4)
  A plant (Lair:2)
493 creatures vanquished.

Vanquished Creatures (others)
  2 black mambas (Lair:1)
  A gargoyle (D:5)
  An orc warrior (D:6)
  A boring beetle (D:8)
  An ogre (D:4)
  2 killer bees (D:8)
  2 giant spores (D:9)
  2 fungi (D:6)
  A plant (D:6)
13 creatures vanquished.

Grand Total: 506 creatures vanquished

Notes
Turn   | Place    | Note
--------------------------------------------------------------
     0 | Abyss:1  | Raurakos, the Formicid Abyssal Knight, began the quest for the Orb.
     0 | Abyss:1  | Reached XP level 1. HP: 18/18 MP: 1/1
     0 | D:1      | Escaped the Abyss
   474 | D:1      | Reached XP level 2. HP: 24/24 MP: 3/3
   491 | D:1      | Acquired Lugonu's first power
   914 | D:1      | Reached XP level 3. HP: 21/29 MP: 6/6
  1147 | D:2      | Noticed Terence
  1286 | D:2      | Found a bloodstained altar of Trog.
  1455 | D:2      | Acquired Lugonu's second power
  1470 | D:2      | Reached XP level 4. HP: 24/35 MP: 8/8
  1620 | D:2      | Noticed Crazy Yiuf
  1831 | D:3      | Reached skill level 4 in Invocations
  1997 | D:3      | Found a shattered altar of Ashenzari.
  2123 | D:2      | Found a shadowy altar of Dithmenos.
  2131 | D:2      | Reached XP level 5. HP: 31/41 MP: 11/11
  2449 | D:2      | HP: 2/41 [poisoned by Crazy Yiuf]
  2457 | D:2      | HP: 1/41 [poisoned by Crazy Yiuf]
  3367 | D:3      | Acquired Lugonu's third power
  3444 | D:4      | Found Atzudde's Gadget Shoppe.
  3891 | D:3      | Reached XP level 6. HP: 38/47 MP: 13/13
  4040 | D:4      | Reached skill level 5 in Invocations
  4102 | D:4      | Found a white marble altar of Elyvilon.
  4115 | D:4      | Noticed an ogre
  4293 | D:4      | Noticed Grinder
  4707 | D:2      | Killed Crazy Yiuf
  4765 | D:2      | Killed Terence
  5543 | D:4      | Reached skill level 5 in Long Blades
  5551 | D:4      | Acquired Lugonu's fourth power
  5639 | D:4      | Banished an ogre
  5639 | D:4      | Reached skill level 6 in Invocations
  5639 | D:4      | Reached XP level 7. HP: 52/52 MP: 15/17
  6161 | D:5      | Entered Level 5 of the Dungeon
  6200 | D:5      | Reached skill level 7 in Invocations
  6533 | D:5      | Reached skill level 8 in Invocations
  6639 | D:5      | Reached XP level 8. HP: 43/60 MP: 20/20
  7228 | D:5      | Noticed a gargoyle
  7687 | D:5      | Reached skill level 5 in Fighting
  7764 | D:6      | Found a glowing silver altar of Zin.
  7856 | D:6      | Found an iron altar of Okawaru.
  7856 | D:6      | Found a radiant altar of Vehumet.
  7917 | D:6      | Found a shimmering altar of Xom.
  8031 | D:6      | Found a blossoming altar of Fedhas.
  8051 | D:6      | Noticed an oklob plant
  8745 | D:5      | Banished a gargoyle
  8818 | D:6      | Found a staircase to the Ecumenical Temple.
  8839 | Temple   | Entered the Ecumenical Temple
  8875 | Temple   | Corrupted Temple
  8875 | Temple   | Noticed a worldbinder
  8875 | Temple   | Noticed a thrashing horror
  8875 | Temple   | Noticed a tentacled starspawn
  8875 | Temple   | Noticed a tentacled starspawn
  8875 | Temple   | Noticed a large abomination
  8876 | Temple   | Noticed a thrashing horror
  8878 | Temple   | Noticed a raiju
  8933 | D:6      | Found a glowing silver altar of Zin.
  9041 | D:6      | Noticed Sigmund
  9067 | D:6      | Killed Sigmund
  9892 | D:7      | Reached XP level 9. HP: 68/68 MP: 22/22
 10217 | D:7      | Noticed Menkaure
 10553 | D:6      | Reached skill level 9 in Long Blades
 11001 | D:8      | Found a sacrificial altar of Ru.
 11784 | D:3      | Killed Grinder
 11784 | D:3      | Reached skill level 10 in Long Blades
 11991 | D:8      | Reached skill level 1 in Evocations
 12331 | D:8      | Reached XP level 10. HP: 68/74 MP: 23/23
 12352 | D:8      | Reached skill level 5 in Evocations
 12804 | D:7      | Killed Menkaure
 13029 | D:8      | Reached skill level 5 in Armour
 13177 | D:8      | Reached skill level 1 in Shields
 13301 | D:8      | Found a burning altar of Makhleb.
 13308 | D:8      | Noticed a green death
 13547 | D:8      | Found a bloodstained altar of Trog.
 13723 | D:8      | Acquired Lugonu's fifth power
 14390 | D:9      | Found a staircase to the Orcish Mines.
 14823 | D:9      | Found a stormy altar of Qazlal.
 14838 | D:9      | Reached skill level 5 in Shields
 15330 | D:9      | Found a staircase to the Lair.
 15388 | D:9      | Reached XP level 11. HP: 70/79 MP: 24/24
 16063 | D:9      | Reached skill level 10 in Armour
 16538 | D:10     | Entered Level 10 of the Dungeon
 16749 | D:10     | Noticed a hill giant
 16783 | D:10     | Killed a hill giant
 17019 | D:10     | Reached skill level 11 in Long Blades
 17164 | D:10     | Noticed a hill giant
 17173 | D:10     | Killed a hill giant
 17247 | D:10     | Noticed timbw's ghost (experienced VSMo)
 17267 | D:10     | Killed timbw's ghost
 17480 | D:10     | Noticed a hill giant
 17777 | Lair:1   | Entered Level 1 of the Lair of Beasts
 18659 | Lair:1   | Reached skill level 12 in Long Blades
 19212 | Lair:1   | Got a scintillating bone ring
 19946 | Lair:1   | Identified the ring of Gopyuchetyu {Dex+4 Int+4} (You found it on level 1 of the Lair of Beasts)
 19987 | Lair:2   | Reached XP level 12. HP: 86/86 MP: 25/25
 20010 | Lair:2   | Noticed a four-headed hydra
 20022 | Lair:2   | Killed a one-headed hydra
 20139 | Lair:2   | Reached skill level 13 in Long Blades
 21617 | Lair:3   | Reached skill level 14 in Long Blades
 22112 | Lair:3   | Noticed Maud
 22124 | Lair:3   | Killed Maud
 22432 | Lair:3   | Found a snail-covered altar of Cheibriados.
 23362 | Lair:4   | Found a hole to the Spider Nest.
 23676 | Lair:4   | Reached XP level 13. HP: 99/101 MP: 26/26
 23995 | Lair:4   | Reached skill level 10 in Fighting
 25068 | Lair:4   | Noticed Snorg
 25109 | Lair:4   | Slain by Snorg

Action                   |  1- 3 |  4- 6 |  7- 9 | 10-12 | 13-15 || total
-------------------------+-------+-------+-------+-------+-------++-------
Melee: Falchion          |   132 |   349 |   381 |       |       ||   862
       Scimitar          |       |       |    98 |   332 |       ||   430
       Great sword       |       |       |       |   688 |   139 ||   827
Throw: Stone             |     4 |    28 |    35 |    27 |       ||    94
Invok: Depart the Abyss  |     1 |       |       |       |       ||     1
       Bend Space        |       |     1 |       |       |     1 ||     2
       Banish            |       |       |     5 |     4 |       ||     9
       Corrupt           |       |       |     1 |       |       ||     1
 Abil: Dig               |       |       |     3 |     5 |       ||     8
Evoke: Wand              |       |       |       |    11 |       ||    11
  Use: Scroll            |       |     4 |     7 |    16 |       ||    27
       Potion            |       |     1 |       |     5 |       ||     6
 Stab: Invisible         |       |     1 |       |       |       ||     1
  Eat: Chunk             |     2 |    13 |    12 |    32 |     4 ||    63
       Beef jerky        |       |     1 |     1 |       |       ||     2
       Meat ration       |       |       |     2 |       |       ||     2
       Bread ration      |       |       |       |     2 |       ||     2
       Pizza             |       |       |       |     1 |       ||     1
